 Dungeon Crawl Stone Soup version 0.31-a0-232-gb1c03b2570 (webtiles) character file.

Game seed: 14725587537169820981

168 qw the Shooter (level 5, -1/30 HPs)
             Began as a Gargoyle Hexslinger on July 7, 2023.
             Constricted to death by Ijyb (2 damage)
             ... on level 3 of the Dungeon.
             The game lasted 00:01:04 (2150 turns).

qw the Shooter (Gargoyle Hexslinger)                Turns: 2150, Time: 00:01:04

Health: -1/30      AC: 12    Str: 11    XL:     5   Next: 49%
Magic:  6/6        EV:  7    Int: 14    God:
Gold:   123        SH:  0    Dex: 14    Spells: 5/6 levels left

rFire   . . .        Y - +1 sling
rCold   . . .        (no shield)
rNeg    + . .        e - +0 ring mail
rPois   inf          (no helmet)
rElec   +            f - +2 cloak
rCorr   .            (no gloves)
SInv    .            (no boots)
Will    .....        h - amulet of regeneration
Stlth   +            (no ring)
HPRegen 1.05/turn    (no ring)
MPRegen 0.10/turn

%: no passive effects
@: grasped by roots, constricted
A: sickness immunity, AC +4, negative energy resistance 1, electricity
resistance, torment resistance 1, petrification resistance
a: no special abilities


You were on level 3 of the Dungeon.
You visited 1 branch of the dungeon, and saw 3 of its levels.

You collected 123 gold pieces.


Innate Abilities, Weirdness & Mutations

You are immune to sickness and miasma.
Your stone body is resilient. (AC +4)
You are immune to poison.
You resist negative energy. (rN+)
You are resistant to electric shocks. (rElec)
You are resistant to unholy torment.
You are immune to petrification.


   Skills:
 + Level 2.2 Fighting
 - Level 5.0 Ranged Weapons
 - Level 1.2 Armour
 - Level 1.5 Dodging
 - Level 1.0 Spellcasting
 - Level 2.6 Hexes


You had 5 spell levels left.
You knew the following spells:

 Your Spells              Type           Power      Damage    Failure   Level
a - Slow                  Hex            32%        N/A       21%         1

Your spell library contained the following spells:

 Spells                   Type           Power      Damage    Failure   Level
 Inner Flame              Hex/Fire       4%         N/A       71%         3
 Portal Projectile        Hex/Tloc       8%         N/A       71%         3
 Cause Fear               Hex            4%         N/A       90%         4

Inventory:

Hand Weapons
 Y - a +1 sling (weapon)
Armour
 e - a +0 ring mail (worn)
 f - a +2 cloak (worn)
Jewellery
 h - an amulet of regeneration (around neck)
Scrolls
 a - 2 scrolls of identify
Potions
 b - a potion of invisibility {unknown}
 i - a potion of degeneration {unknown}
 j - a potion of curing {unknown}
 k - a potion of heal wounds {unknown}

Dungeon Overview and Level Annotations

Branches:
Dungeon (3/15)

Altars:
Gozag

Shops:
D:2 [

Annotations:
D:2 1 runed translucent door, Crazy Yiuf
D:3 Ijyb


Message History

Ijyb is heavily wounded.
The goblin barely misses you.
Ijyb zaps a wand.
The roots erupt in riotous growth!
The grasping roots grab you!
The goblin is unaffected.
Ijyb is unaffected.
The grasping roots constrict you. The goblin hits you but does no damage.
You shoot a sling bullet. The sling bullet hits Ijyb.
Ijyb is heavily wounded.
Ijyb barely misses you. The grasping roots constrict you.
Ijyb barely misses you. The grasping roots constrict you.
The goblin hits you but does no damage.
You shoot a sling bullet.
The sling bullet hits Ijyb but does no damage.
Ijyb is heavily wounded.
Ijyb hits you with a +2 dagger of speed.
The grasping roots constrict you. The goblin hits you but does no damage.
Ijyb hits you but does no damage. The grasping roots constrict you.
The grasping roots release their grip on you.
You shoot a sling bullet. The sling bullet hits Ijyb.
Ijyb is severely wounded.
Ijyb closely misses you. The goblin hits you but does no damage.
Ijyb hits you but does no damage.
You shoot a sling bullet.
The sling bullet hits Ijyb but does no damage.
Ijyb is severely wounded.
The goblin barely misses you.
Ijyb zaps a wand.
The roots erupt in riotous growth!
The grasping roots grab you!
The goblin is unaffected.
Ijyb is unaffected.
The grasping roots constrict you. The goblin hits you but does no damage.
Ijyb screams, "Die!"
Ijyb hits you but does no damage. The grasping roots constrict you.
You shoot a sling bullet. The sling bullet barely misses Ijyb.
Ijyb hits you with a +2 dagger of speed.
The grasping roots constrict you. The goblin barely misses you.
You shoot a sling bullet. The sling bullet hits Ijyb.
Ijyb is almost dead.
Ijyb hits you with a +2 dagger of speed.
The grasping roots constrict you.
You die...

##~~~..#...#..#
#~~#########..#...#
.~~#..........#.(.#
...)..........#...#
...)..........#...#
...'..........#...#
#~~#..........#.).#
#~~#########..##g'#
##~~~..#...#....@g#
#~~~..'...'......#
##~~..#...#......#
### ############


You could see Ijyb and a goblin.

Vanquished Creatures
  An orc wizard (D:3)
  A gnoll (D:2)
  5 adders
  A worm (D:2)
  2 dart slugs
  6 orcs (D:3)
  3 ball pythons
  3 bats
  3 endoplasms (D:2)
  2 giant cockroaches (D:1)
  11 goblins
  9 hobgoblins
  6 jackals
  7 frilled lizards
  5 kobolds
  12 rats
77 creatures vanquished.

Notes
Turn   | Place    | Note
-------+----------+-------------------------------------------
     0 | D:1      | qw the Gargoyle Hexslinger began the quest for the Orb.
     0 | D:1      | Reached XP level 1. HP: 12/12 MP: 2/2
     0 | D:1      | 0 ||| qw: Version: 0.3-a-46-gb1f654a
     0 | D:1      | 0 ||| qw: Game counter: 2268
     0 | D:1      | 0 ||| qw: Melee chars always use a shield: true
     0 | D:1      | 0 ||| qw: God list: Okawaru
     0 | D:1      | 0 ||| qw: Allow faded altars: false
     0 | D:1      | 0 ||| qw: Do Orc after clearing Dungeon:15 true
     0 | D:1      | 0 ||| qw: Do second Lair branch before Depths: true
     0 | D:1      | 0 ||| qw: Lair rune preference: random
     0 | D:1      | 0 ||| qw: Goals: Normal
     0 | D:1      | 0 ||| PLANNING D:1-11
   118 | D:1      | Reached XP level 2. HP: 16/16 MP: 3/3
   159 | D:1      | Reached skill level 3 in Ranged Weapons
   295 | D:1      | Reached XP level 3. HP: 15/21 MP: 4/4
   865 | D:1      | 865 ||| UPGRADING to +0 ring mail.
   875 | D:1      | 875 ||| DROPPING +0 robe.
   876 | D:1      | 876 ||| UPGRADING to +2 cloak.
   881 | D:1      | 881 ||| UPGRADING to amulet of regeneration.
   886 | D:1      | 886 ||| READING 2 scrolls labelled XAHIBU INNERA.
   887 | D:1      | 887 ||| READING scroll labelled CIFEPORONTI.
   888 | D:1      | 888 ||| READING 2 scrolls labelled EGETWU RORYO.
   889 | D:1      | 889 ||| DROPPING scroll of poison.
   890 | D:1      | 890 ||| DROPPING scroll of immolation.
  1006 | D:2      | Reached skill level 1 in Armour
  1012 | D:2      | Reached XP level 4. HP: 26/26 MP: 5/5
  1140 | D:2      | Found Qedwapso's Antique Armour Shop.
  1148 | D:2      | 1148 ||| SHOPLISTING dyed leather armour (145 gold, have
                  | 97).
  1148 | D:2      | 1148 ||| SHOPLISTING fine ring mail (261 gold, have 97).
  1148 | D:2      | 1148 ||| SHOPLISTING pair of embroidered gloves (217 gold,
                  | have 97).
  1148 | D:2      | 1148 ||| SHOPLISTING pair of runed boots (217 gold, have
                  | 97).
  1238 | D:2      | Reached skill level 4 in Ranged Weapons
  1533 | D:2      | Found a runed translucent door.
  1534 | D:2      | Noticed Crazy Yiuf
  1732 | D:2      | 1732 ||| READING 2 scrolls labelled ROESIC YDIE.
  1733 | D:2      | 1733 ||| READING scroll labelled YSIKILUISU.
  1734 | D:2      | 1734 ||| DROPPING scroll of fear.
  1786 | D:3      | Reached XP level 5. HP: 30/30 MP: 6/6
  1972 | D:3      | Found an opulent altar of Gozag.
  2009 | D:3      | 2009 ||| FLEEEEING.
  2011 | D:3      | Reached skill level 5 in Ranged Weapons
  2052 | D:3      | 2052 ||| FLEEEEING.
  2053 | D:3      | 2053 ||| FLEEEEING.
  2054 | D:3      | 2054 ||| FLEEEEING.
  2129 | D:3      | Noticed Ijyb
  2148 | D:3      | HP: 7/30 [constriction (3)]
  2149 | D:3      | HP: 2/30 [constriction (3)]
  2150 | D:3      | Constricted to death by Ijyb

Levels and vault maps discovered:
D:1:      wheals_arrival_linesprint, layout_basic, minmay_rat_gold_closets
D:2:      layout_basic, serial_shops, shop, uniq_crazy_yiuf_cottage
D:3:      kennysheep_goblin_castle, layout_basic,
          mainiacjoe_overflow_cross_hatched, lemuel_crystal_altar

Skill      XL: |  1  2  3  4  5 |
---------------+----------------+-----
Ranged Weapons | 3 4 5 |  5.0
Fighting       | 2 |  2.2
Armour         | 1 |  1.2
Dodging        | |  1.5
Spellcasting   | |  1.0
Hexes          | |  2.6

Action                     |  1- 3 |  4- 6 || total
---------------------------+-------+-------++-------
   Fire: Sling             |   108 |   181 ||   289
    Use: Scroll            |     3 |     2 ||     5
 Armour: Robe              |     4 |       ||     4
         Ring mail         |     6 |   100 ||   106
  Dodge: Dodged            |    25 |    95 ||   120

Table legend:
 A = Non-vault XP
 B = Vault XP
 C = Vault XP percentage of total XP
 D = Non-vault monster count
 E = Vault monster count
 F = Vault count percentage of total count
                 A         B        C        D         E       F
            +---------+---------+-------+---------+---------+-------
      Total |     214 |      27 |  11.2 |      59 |      18 |  23.4
            +---------+---------+-------+---------+---------+-------
        D:1 |      48 |       8 |  14.3 |      27 |       8 |  22.9
        D:2 |      64 |       0 |   0.0 |      16 |       0 |   0.0
        D:3 |     102 |      19 |  15.7 |      16 |      10 |  38.5
            +---------+---------+-------+---------+---------+-------
